 Dungeon Crawl Stone Soup version 0.32-a0-960-g3814254bd7 (webtiles) character file.

Game seed: 14462225667402571231

25615 Bapho the Fencer (level 12, -1/103 HPs)
             Began as a Pale Draconian Berserker on Apr 17, 2024.
             Was an Elder of Trog.
             Slain by a yak (11 damage)
             ... led by a torpor snail
             ... on level 3 of the Lair of Beasts.
             The game lasted 00:43:00 (17784 turns).

Bapho the Fencer (Pale Draconian Berserker)        Turns: 17784, Time: 00:43:01

Health: -1/103     AC: 13    Str: 28    XL:     12   Next: 91%
Magic:  12/12      EV: 13    Int: 10    God:    Trog [****..]
Gold:   1129       SH:  5    Dex: 10    Spells: 11/11 levels left

rFire   . . .        M - +3 scimitar (flame)
rCold   . . .        (no shield)
rNeg    . . .        (body armour unavailable)
rPois   .            (helmet restricted)
rElec   .            Q - +1 cloak "Plog" {Str+5}
rCorr   .            R - +0 pair of gloves of Sasonowom {Will+}
SInv    +            h - +1 pair of boots
Will    +....        L - amulet of reflection
Stlth   +            d - ring of see invisible
HPRegen 0.37/turn    (no ring)
MPRegen 0.13/turn

%: reflection
@: on berserk cooldown, slowed, very slow
A: steam breath, AC +8, unfitting armour, cold-blooded, steam resistance
a: Steam Breath, Renounce Religion, Berserk, Trog's Hand, Brothers in Arms


You were on level 3 of the Lair of Beasts.
You worshipped Trog.
Trog was greatly pleased with you.
You visited 3 branches of the dungeon, and saw 15 of its levels.
You also visited: Sewer and Gauntlet.

You collected 1129 gold pieces.

Inventory:

Hand Weapons
 a - a +0 falchion
 f - a +0 long sword of electrocution
 H - a +4 great sword of freezing
 M - a +3 scimitar of flaming (weapon)
 P - a +2 double sword of protection
 T - the +3 sling of Meush {freeze, MP+9 Dex+3}
   (You took it off a minotaur in a Gauntlet)

   Dex+3:     It affects your dexterity (+3).
   MP+9:      It affects your magic capacity (+9).
Missiles
 D - a throwing net (quivered)
 I - 81 stones
Armour
 e - a +0 cloak
 h - a +1 pair of boots (worn)
 G - an orb of wrath
 K - a scarf of shadows
 Q - the +1 cloak "Plog" (worn) {Str+5}
   (You found it on level 10 of the Dungeon)

   Str+5:     It affects your strength (+5).
 R - the +0 pair of gloves of Sasonowom (worn) {Will+}
   (You found it in a Gauntlet)

   Will+:     It increases your willpower.
Jewellery
 d - a ring of see invisible (left hand)
 C - a ring of fire
 L - an amulet of reflection (around neck)
 S - the ring of Askod {rElec rPois MP+9 Str+6}
   (You found it in a Gauntlet)

   [ring of strength]

   Str+6:     It affects your strength (+6).
   rElec:     It insulates you from electricity.
   rPois:     It protects you from poison.
   MP+9:      It affects your magic capacity (+9).
 Y - a ring of ice
Talismans
 y - a flux talisman
 B - a maw talisman
Wands
 b - a wand of flame (49)
 x - a wand of warping (4)
 z - a wand of digging (6)
 O - a wand of paralysis (5)
 U - a wand of mindburst (7)
 W - a wand of polymorph (6)
Scrolls
 g - 3 scrolls of vulnerability
 j - 3 scrolls of fear
 l - 2 scrolls of fog
 p - 9 scrolls of teleportation
 q - a scroll of silence
 t - 3 scrolls of revelation
 A - 2 scrolls of blinking
 E - a scroll of amnesia {unknown}
 J - 3 scrolls of enchant weapon
 X - 4 scrolls of identify
 Z - 2 scrolls of immolation {unknown}
Potions
 c - 5 potions of heal wounds
 i - 4 potions of lignification
 k - 2 potions of degeneration
 m - 2 potions of attraction
 n - 2 potions of berserk rage
 o - 3 potions of might
 r - 7 potions of invisibility
 s - 4 potions of mutation {unknown}
 u - 4 potions of haste
 v - 3 potions of resistance
 w - 4 potions of brilliance
 F - 2 potions of enlightenment
 N - 3 potions of curing
Miscellaneous
 V - a box of beasts


   Skills:
 + Level 8.6 Fighting
 - Level 19.2 Long Blades
 + Level 7.2 Dodging


You had 11 spell levels left.
You didn't know any spells.
Your spell library was empty.

Dungeon Overview and Level Annotations

Branches:
Dungeon (11/15)            Temple (1/1) D:7            Lair (3/5) D:11
  Swamp (0/4) Lair:3          Orc (0/2) D:11          Sewer (visited)
Gauntlet (visited)
  Snake: Lair:2-3    Spider: Lair:2-3

Altars:
Ashenzari
Dithmenos
Elyvilon
Fedhas
Gozag
Hepliaklqana
Kikubaaqudgha
Makhleb
Nemelex Xobeh
Okawaru
Qazlal
Ru
Sif Muna
Trog
Uskayaw
Vehumet
Wu Jian
Xom
Yredelemnul
The Shining One
Beogh

Shops:
D:1 [   D:7 (   D:8 [   D:11 :


Innate Abilities, Weirdness & Mutations

You can breathe blasts of scalding, opaque steam.
Your pale cyan-grey scales are hard. (AC +8)
You cannot fit into any form of body armour.
You are cold-blooded and may be slowed by cold attacks.
You are immune to the effects of steam.


Message History

Trog accepts your kill.
You slash the yak! You burn the yak.
You kill the yak!
Trog accepts your kill.
You slash the yak! You burn the yak. You tail-slap the yak!
The yak is severely wounded.
You closely miss the yak.
The yak is severely wounded.
You barely miss the yak. You tail-slap the yak.
The yak is almost dead.
You slice the yak!! You burn the yak.
You kill the yak!
Trog accepts your kill. The yak barely misses you.
You block the cane toad's attack.
A komodo dragon comes into view.
The komodo dragon hisses angrily.
You slice the cane toad!! You burn the cane toad! You tail-slap the cane toad.
You kill the cane toad!
Trog accepts your kill.
A torpor snail comes into view.
Being near the torpor snail leaves you feeling lethargic.
A komodo dragon comes into view.
Found a staircase to the Swamp.
You feel a strong urge to attack something.
You feel yourself speed up.
The komodo dragon hisses angrily.
Found a sling.
You are no longer berserk.
You are exhausted.
You feel yourself slow down.
Found a scroll labelled TYMER BESHUS.
The komodo dragon closely misses you. The yak attacks as it pursues you!
The yak gores you. The komodo dragon bites you!
The yak attacks as it pursues you! The yak gores you.
The komodo dragon bites you!!
* * * LOW HITPOINT WARNING * * *
The komodo dragon bites you but does no damage.
The yak gores you!
You die...

#..#...##†......#
###.P.#...†####.###
#......#.N## # ##
#.......#..#.#
##....$...Y..##
##.............##
#........Y......#
#......lY.........#
.......@l!........#
.....>.§.§......#..
.......§.§§§§....#.
........§§§§....##
.........§§>....#
..........§....)#
...?..........P#
........##.####


You could see 2 komodo dragons, 3 yaks and a naga.

Vanquished Creatures
  A minotaur (Gauntlet)
  A dire elephant (Gauntlet)
  2 hydras (Lair:2)
  The ghost of P0WERM0DE the Prestidigitator, a journeyman CoFi of Cheibriados (D:10)
  4 two-headed ogres
  A boulder beetle (D:11)
  Erica (D:8)
  Urug (D:10)
  An arcanist (Gauntlet)
  A necromancer (Lair:2)
  An elephant (Gauntlet)
  A gargoyle (D:11)
  Jeremiah (D:8)
  7 komodo dragons
  A rime drake (Lair:2)
  4 cane toads
  An ice devil (Gauntlet)
  3 trolls
  A hornet (D:10)
  3 polar bears
  Grinder (D:4)
  3 blink frogs (Lair:1)
  2 shadows
  A wyvern (D:9)
  24 yaks
  3 basilisks (Lair:1)
  2 steam dragons
  2 acid dragons
  10 water moccasins
  3 orc warriors
  A black bear (Lair:1)
  An ice beast (D:6)
  An ogre (D:6)
  3 wolves (Lair:2)
  2 phantoms (D:6)
  5 kobold brigands
  7 bullfrogs
  5 scorpions
  14 wights
  4 killer bees (D:9)
  A howler monkey (D:10)
  6 orc priests
  3 bombardier beetles (D:5)
  A hound (D:6)
  A sleepcap (D:6)
  Jessica (D:3)
  Natasha (thrice) (D:2)
  3 iguanas
  11 orc wizards
  A yak simulacrum (Lair:2)
  3 polar bear simulacra (Lair:2)
  2 wolf simulacra (Lair:2)
  Robin (D:2)
  12 gnolls
  10 adders
  8 river rats
  3 shadow imps
  5 white imps
  2 ufetubi (D:5)
  2 ribbon worms
  A dart slug (D:3)
  41 orcs
  16 ball pythons
  2 bats
  6 endoplasms
  5 giant cockroaches
  12 goblins
  12 hobgoblins
  4 jackals (D:1)
  4 quokkas
  3 frilled lizards
  46 kobolds
  32 rats
  5 river rat simulacra (Lair:2)
399 creatures vanquished.

Vanquished Creatures (collateral kills)
  A black mamba (Lair:1)
  2 orc warriors (D:10)
  A bullfrog (Lair:1)
  2 wights (D:6)
  An orc (D:10)
7 creatures vanquished.

Grand Total: 406 creatures vanquished

Notes
Turn   | Place    | Note
-------+----------+-------------------------------------------
     0 | D:1      | Bapho the Draconian Berserker began the quest for the Orb.
     0 | D:1      | Reached XP level 1. HP: 19/19 MP: 1/1
    66 | D:1      | Reached XP level 2. HP: 2/26 MP: 2/2
   429 | D:1      | Reached skill level 4 in Long Blades
   597 | D:1      | Found Faakug's Armour Boutique.
   670 | D:2      | Noticed Robin
   679 | D:1      | Reached XP level 3. HP: 31/31 MP: 3/3
   733 | D:1      | Reached ** piety under Trog
   792 | D:2      | Killed Robin
  1009 | D:2      | Reached XP level 4. HP: 37/38 MP: 4/4
  1052 | D:2      | Reached skill level 5 in Long Blades
  1149 | D:2      | Noticed Natasha
  1164 | D:2      | Killed Natasha
  1317 | D:2      | Reached XP level 5. HP: 45/45 MP: 5/5
  1573 | D:2      | Noticed Natasha
  1592 | D:2      | Killed Natasha
  1593 | D:2      | Reached skill level 6 in Long Blades
  1875 | D:2      | Noticed Natasha
  1877 | D:2      | Killed Natasha
  2271 | D:3      | Noticed Jessica
  2280 | D:3      | Killed Jessica
  2357 | D:3      | Found the +5 Force Lance {heavy, knockback}
  2509 | D:3      | Reached XP level 6. HP: 51/51 MP: 6/6
  2742 | D:3      | Reached skill level 7 in Long Blades
  3001 | D:3      | Reached *** piety under Trog
  3287 | D:4      | Found a glowing drain.
  3293 | Sewer    | Entered a sewer
  3679 | Sewer    | Reached skill level 8 in Long Blades
  3769 | Sewer    | Reached **** piety under Trog
  3785 | Sewer    | Your scales start taking on a pale cyan-grey colour.
  3785 | Sewer    | Reached XP level 7. HP: 57/57 MP: 7/7
  3785 | Sewer    | Gained mutation: You are immune to the effects of steam.
                  | [Pale Draconian growth]
  4236 | D:4      | Found an iron altar of Okawaru.
  4565 | D:4      | Noticed Grinder
  4574 | D:4      | Killed Grinder
  4575 | D:4      | Reached skill level 9 in Long Blades
  4657 | D:5      | Entered Level 5 of the Dungeon
  4657 | D:5      | Noticed a steam dragon
  4664 | D:5      | Killed a steam dragon
  4721 | D:5      | Reached XP level 8. HP: 56/63 MP: 8/8
  4927 | D:5      | Reached skill level 10 in Long Blades
  5820 | D:6      | Reached skill level 11 in Long Blades
  6170 | D:6      | Reached skill level 12 in Long Blades
  6319 | D:6      | Reached XP level 9. HP: 56/70 MP: 9/9
  7141 | D:6      | Reached skill level 13 in Long Blades
  7146 | D:6      | Found a hazy altar of Hepliaklqana.
  7330 | D:7      | Found a staircase to the Ecumenical Temple.
  7347 | Temple   | Entered the Ecumenical Temple
  8432 | D:7      | Found Huhys's Antique Weapon Shoppe.
  8578 | D:8      | Found an ancient bone altar of Kikubaaqudgha.
  8599 | D:8      | Noticed Erica
  8606 | D:8      | Killed Erica
  8607 | D:8      | Reached skill level 14 in Long Blades
  8767 | D:8      | Found a burning altar of Makhleb.
  8827 | D:8      | Reached XP level 10. HP: 77/77 MP: 10/10
  8997 | D:8      | Found Pozoip's Antique Armour Shop.
  9047 | D:8      | Noticed Jeremiah
  9074 | D:8      | Killed Jeremiah
  9633 | D:9      | Reached skill level 15 in Long Blades
  9652 | D:9      | Found a bloodstained altar of Trog.
 10005 | D:9      | Noticed a two-headed ogre
 10012 | D:9      | Killed a two-headed ogre
 10734 | D:10     | Entered Level 10 of the Dungeon
 10855 | D:10     | Reached skill level 16 in Long Blades
 10965 | D:10     | Found a shadowy altar of Dithmenos.
 10967 | D:10     | Found a broken altar of Ashenzari.
 10968 | D:10     | Noticed a two-headed ogre
 10973 | D:10     | Killed a two-headed ogre
 10993 | D:10     | Found a basalt altar of Yredelemnul.
 11094 | D:10     | Noticed Urug
 11133 | D:10     | Killed Urug
 11558 | D:10     | Reached XP level 11. HP: 58/82 MP: 11/11
 11742 | D:10     | Noticed a two-headed ogre
 11748 | D:10     | Killed a two-headed ogre
 11749 | D:10     | Reached skill level 17 in Long Blades
 11819 | D:10     | Paralysed by a hornet for 2 turns
 11825 | D:10     | Found a white marble altar of Elyvilon.
 12047 | D:10     | Found a runed translucent gate.
 12048 | D:10     | Found a runed translucent gate.
 12049 | D:10     | Found a runed translucent gate.
 12050 | D:10     | Noticed P0WERM0DE's ghost (journeyman CoFi)
 12230 | D:10     | Found a roughly hewn altar of Beogh.
 12249 | D:10     | Killed P0WERM0DE's ghost
 12412 | D:10     | Identified the +1 cloak "Plog" {Str+5}
 12479 | D:11     | Found a staircase to the Orcish Mines.
 12501 | D:11     | Noticed a two-headed ogre
 12505 | D:11     | Found a gate leading to a gauntlet.
 12512 | D:11     | Killed a two-headed ogre
 12567 | Gauntlet | Entered a Gauntlet
 12567 | Gauntlet | Found a transporter.
 12567 | Gauntlet | Found a transporter.
 12573 | Gauntlet | Found a transporter.
 12585 | Gauntlet | Found a transporter.
 12600 | Gauntlet | Noticed an arcanist
 12603 | Gauntlet | Found a transporter.
 12603 | Gauntlet | Found a transporter.
 12603 | Gauntlet | Found a transporter.
 12605 | Gauntlet | Found a transporter.
 12605 | Gauntlet | Found a transporter.
 12618 | Gauntlet | Found a transporter.
 12627 | Gauntlet | Noticed an orange crystal statue
 12631 | Gauntlet | Noticed a dire elephant
 12634 | Gauntlet | Found a transporter.
 12641 | Gauntlet | Noticed a catoblepas
 12644 | Gauntlet | Found a transporter.
 12659 | Gauntlet | Found a transporter.
 12679 | Gauntlet | Found a transporter.
 12958 | Gauntlet | Identified the +0 pair of gloves of Sasonowom {Will+}
 13001 | Gauntlet | Killed an arcanist
 13037 | Gauntlet | Reached skill level 18 in Long Blades
 13040 | Gauntlet | Killed a dire elephant
 13167 | Gauntlet | Identified the ring of Askod {rElec rPois MP+9 Str+6}
 13200 | Gauntlet | Identified the +3 sling of Meush {freeze, MP+9 Dex+3}
 13200 | Gauntlet | Identified the +4 plate armour of Lipramet {Will- Str+5
                  | Int+2 SInv}
 13200 | Gauntlet | Noticed a minotaur
 13212 | Gauntlet | Killed a minotaur
 13360 | Gauntlet | Identified the +3 eveningstar of Exquisite Torment {pain,
                  | rCorr Stlth+}
 13433 | D:11     | Found Zeocikki's Book Emporium.
 13552 | D:11     | Noticed a boulder beetle
 13569 | D:11     | Killed a boulder beetle
 13597 | D:11     | Found a staircase to the Lair.
 13835 | D:11     | Reached skill level 19 in Long Blades
 14190 | D:11     | HP: 4/123 [gargoyle/+0 dire flail (7)]
 14910 | Lair:1   | Entered Level 1 of the Lair of Beasts
 14919 | Lair:1   | Reached XP level 12. HP: 82/89 MP: 12/12
 15533 | Lair:1   | Reached skill level 5 in Fighting
 16130 | Lair:2   | Noticed a five-headed hydra
 16139 | Lair:2   | Killed a one-headed hydra
 16184 | Lair:2   | Reached skill level 5 in Dodging
 16711 | Lair:2   | Noticed a four-headed hydra
 16719 | Lair:2   | Killed a one-headed hydra
 17781 | Lair:3   | Found a staircase to the Swamp.
 17784 | Lair:3   | Slain by a yak

Illustrated notes

Levels and vault maps discovered:
D:1:      tarquinn_simple_flora_water_b, layout_rooms, serial_shops,
          nicolae_shop_window_shopping, hangedman_decor_growths
D:2:      layout_basic, uniq_natasha, uniq_robin
D:3:      layout_loops_ring, uniq_jessica
D:4:      layout_loops_ring, mainiacjoe_overflow_chevrons, portal_sewer_entry_e,
          uniq_grinder
D:5:      layout_loops_ring
D:6:      minmay_general_purpose_star, layout_basic, marbit_many_paths
D:7:      layout_basic, minmay_temple_entry_wispy, serial_shops,
          nicolae_shop_peninsula, abandoned_shop
D:8:      layout_loops_ring, mainiacjoe_overflow_paths, bloody_makhleb,
          serial_shops, nicolae_shop_back_alley_shop, small_statue_alley_b,
          uniq_erica, uniq_jeremiah
D:9:      layout_long_grid, mainiacjoe_overflow_24_doors,
          minmay_stone_trees_medium
D:10:     minmay_goldmine, layout_rooms, nicolae_overflow_hidden_temple,
          nicolae_overflow_macrodata_refinement, biasface_ghost_orc_armoury,
          uniq_urug
D:11:     layout_layer_cave, david_lair_shrubbed, serial_shops, shop,
          gauntlet_entry_generic
Temple:   bh_familiar_temple
Lair:1:   layout_cave_shapes, lemuel_fruit_fields
Lair:2:   statuecave_lemuel, layout_long_grid, eino_house_with_fridge
Lair:3:   layout_cave_pods, swamp_mist, minmay_snake_entry_guardpost_small,
          beast_lair_carwin_2

Skill      XL: |  1  2  3  4  5  6  7  8  9 10 11 12 |
---------------+-------------------------------------+-----
Long Blades    | 4 5 6 8 9 12 14 16 19 | 19.2
Dodging        | 7 |  7.2
Fighting       | 8 |  8.6

Action                     |  1- 3 |  4- 6 |  7- 9 | 10-12 || total
---------------------------+-------+-------+-------+-------++-------
  Melee: Falchion          |    92 |   130 |       |       ||   222
         Tailslap          |     8 |    26 |    37 |    68 ||   139
         Long sword        |       |   164 |   267 |       ||   431
         Great sword       |       |       |    20 |   307 ||   327
         Scimitar          |       |       |       |   235 ||   235
  Throw: Boomerang         |    26 |    17 |       |       ||    43
         Stone             |       |    19 |    41 |       ||    60
 Invoke: Berserk           |     4 |    11 |    14 |    25 ||    54
         Trog's Hand       |       |       |     1 |     1 ||     2
         Brothers in Arms  |       |       |     1 |     2 ||     3
Ability: Steam Breath      |       |       |     1 |     7 ||     8
    Use: Scroll            |       |     4 |     5 |    17 ||    26
         Potion            |       |       |       |     2 ||     2
   Stab: Distracted        |       |       |       |     2 ||     2
 Armour: Skin              |    91 |   212 |   163 |   395 ||   861
  Dodge: Dodged            |    85 |   222 |   120 |   236 ||   663
  Block: Other             |       |       |       |    75 ||    75

Table legend: (Time is in decaauts)
 A = Elapsed time spent in this place.
 B = Non-inter-level travel time spent in this place.
 C = Inter-level travel time spent in this place.
 D = Time resting spent in this place.
 E = Time spent auto-exploring this place.
 F = Levels seen in this place.
 G = Mean time per level.
                   A        B        C        D        E       F      G
               +--------+--------+--------+--------+--------+-----+--------+
         Total |  18188 |  17834 |    354 |   4806 |  10156 |  17 | 1069.9 |
       Dungeon |  13670 |  13386 |    284 |   3257 |   8090 |  11 | 1242.7 |
        Temple |     49 |     28 |     21 |      0 |      0 |   1 |   49.0 |
          Lair |   2869 |   2820 |     49 |    920 |   1538 |   3 |  956.3 |
         Sewer |    787 |    787 |      0 |    167 |    386 |   1 |  787.0 |
      Gauntlet |    810 |    810 |      0 |    461 |    141 |   1 |  810.0 |
               +--------+--------+--------+--------+--------+-----+--------+

Top non-repeatable levels by time:
    D:10: 1794 daAuts
    D:11: 1657 daAuts
     D:6: 1463 daAuts
     D:7: 1379 daAuts
     D:2: 1374 daAuts
  Lair:2: 1275 daAuts
     D:9: 1254 daAuts
  Lair:1: 1226 daAuts
     D:3: 1106 daAuts
     D:5: 1039 daAuts
     D:8: 1004 daAuts
     D:1: 817 daAuts
Gauntlet: 810 daAuts
   Sewer: 787 daAuts
     D:4: 779 daAuts
